 Dungeon Crawl Stone Soup version 0.19-a0-1183-gcd7e582 (webtiles) character file.

114 AlphabetPasta the Skirmisher (level 4, 0/29 HPs)
             Began as a Gargoyle Abyssal Knight on Aug 17, 2016.
             Was a Believer of Lugonu.
             Killed from afar by an orc wizard (13 damage)
             ... with a puff of flame
             ... on level 3 of the Dungeon.
             The game lasted 00:06:29 (1820 turns).

AlphabetPasta the Skirmisher (GrAK)                 Turns: 1820, Time: 00:06:29

Health: 0/29       AC: 11    Str: 16    XL:     4   Next: 97%
Magic:  6/6        EV:  9    Int: 12    God:    Lugonu [**....]
Gold:   100        SH:  0    Dex: 10    Spells: 0 memorised, 3 levels left

rFire  . . .     SeeInvis .     a - +1 hand axe
rCold  . . .     Gourm    .     e - +0 scale mail
rNeg   + . .     Faith    .     (no shield)
rPois  ∞         Spirit   .     (no helmet)
rElec  +         Dismiss  .     p - +0 cloak
rCorr  .         Reflect  .     (no gloves)
MR     .....     Harm     .     (no boots)
Stlth  ..........               (no amulet)
                                (no ring)
                                (no ring)

@: confused
A: negative energy resistance 1, electricity resistance, unbreathing,
petrification resistance, rot immunity, AC +3
a: Depart the Abyss, Bend Space, Renounce Religion


You were on level 3 of the Dungeon.
You worshipped Lugonu.
Lugonu was pleased with you.
You were not hungry.

You visited 1 branch of the dungeon, and saw 3 of its levels.
You visited the Abyss 1 time.

You collected 100 gold pieces.

Inventory:

Hand Weapons
 a - a +1 hand axe (weapon)
Missiles
 j - 38 bolts
Armour
 b - a +0 leather armour
 e - a +0 scale mail (worn)
 p - a +0 cloak (worn)
Jewellery
 l - an uncursed amulet of rage {unknown}
Scrolls
 d - a scroll of amnesia {unknown}
 g - 2 scrolls of magic mapping {unknown}
 h - 3 scrolls of identify {unknown}
 n - 2 scrolls of teleportation {unknown}
 o - 2 scrolls of remove curse {unknown}
 t - 2 scrolls of blinking {unknown}
Potions
 m - a potion of flight {unknown}
 q - a potion of berserk rage {unknown}
 s - a potion of cure mutation {unknown}
Comestibles
 c - 4 bread rations
 i - 6 chunks of flesh
 r - a beef jerky


   Skills:
 + Level 3.8 Fighting
 * Level 3.0 Axes
 + Level 3.1 Armour
 - Level 1.4 Dodging
 + Level 2.7 Invocations


You had 3 spell levels left.
You didn't know any spells.

Dungeon Overview and Level Annotations

Branches:
Dungeon (3/15)

Altars:
Dithmenos


Innate Abilities, Weirdness & Mutations

You are resistant to torment.
Your stone body is resilient. (AC +3)
You are immune to poison.
You resist negative energy. (rN+)
You are resistant to electric shocks. (rElec)
You can survive without breathing.
You are immune to petrification.
You are immune to rotting.


Message History

The magic dart hits you! Something hits you but does no damage.
You miss something. Something hits you but does no damage.
You miss something. Something hits you but does no damage.
You closely miss something.
You hear some strange, mumbled words.
A puff of flame appears from out of thin air!
The puff of flame hits you! Something hits you.
You bump into the rock wall.
You feel less confused. Something hits you but does no damage.
You barely miss something.
You hear some strange, mumbled words.
You are confused.
You bump into the rock wall.
Something hits you but does no damage.
You barely miss something.
You hear some strange, mumbled words.
A puff of flame appears from out of thin air!
The puff of flame hits you!
You die...

......# ........#
........# ..%.....#
........#
.........# #
.........####.##.##
..........@{{.....>
.........####.##.##
.........# #.#
#.......# #.#
#.......# #.#
#.......# #.#
...#####.# #.#
..#####.# #.#####
........####.....#


There were no monsters in sight!

Vanquished Creatures
  An orc wizard (D:3)
  3 adders (D:2)
  A shadow imp (D:3)
  2 worms
  A dart slug (D:3)
  A giant gecko (D:2)
  6 orcs (D:3)
  4 bats
  2 giant cockroaches
  2 hobgoblins
  3 kobolds
  2 quokkas (D:3)
  A giant newt (D:1)
  4 goblins (D:1)
  6 rats
39 creatures vanquished.

Notes
Turn   | Place    | Note
-------+----------+-------------------------------------------
     0 | Abyss:1  | AlphabetPasta the Gargoyle Abyssal Knight began the quest for the Orb.
     0 | Abyss:1  | Reached XP level 1. HP: 14/14 MP: 2/2
     5 | D:1      | Escaped the Abyss
   236 | D:1      | Reached XP level 2. HP: 18/19 MP: 3/3
   312 | D:1      | Reached skill level 1 in Dodging
  1053 | D:2      | Reached XP level 3. HP: 18/23 MP: 4/4
  1171 | D:2      | Reached ** piety under Lugonu
  1534 | D:3      | Reached XP level 4. HP: 19/28 MP: 5/5
  1737 | D:3      | Found a shadowy altar of Dithmenos.
  1820 | D:3      | Killed from afar by an orc wizard

Vault maps used:
D:1:      minmay_arrival_shoal_huts, item_on_display_a
D:3:      first_bread, nicolae_dithmenos_shadow_blocks

Skill      XL: |  1  2  3  4 |
---------------+-------------+-----
Axes           | 2 3 |  3.0
Dodging        | 1 |  1.4
Armour         | 3 |  3.1
Fighting       | |  3.8
Invocations    | |  2.7

Action                   |  1- 3 |  4- 6 || total
-------------------------+-------+-------++-------
Melee: Hand axe          |   102 |    67 ||   169
Invok: Bend Space        |       |     1 ||     1
  Use: Potion            |       |     2 ||     2
  Eat: Chunk             |     2 |     1 ||     3
Armor: Scale mail        |    52 |    27 ||    79
       Leather armour    |     1 |       ||     1
Dodge: Dodged            |    49 |    38 ||    87
